 Dungeon Crawl Stone Soup version 0.28.0 (webtiles) character file.

Game seed: 5509550296271453207

1081 dolemite99 the Twirler (level 8, 0/56 HPs)
             Began as a Demonspawn Gladiator on Feb 17, 2022.
             Was a Follower of Okawaru.
             Slain by an ogre (12 damage)
             ... on level 6 of the Dungeon.
             The game lasted 00:06:56 (7808 turns).

dolemite99 the Twirler (Demonspawn Gladiator)       Turns: 7808, Time: 00:06:57

Health: 0/56       AC: 16    Str: 17    XL:     8   Next: 8%
Magic:  6/8        EV:  8    Int:  9    God:    Okawaru [*.....]
Gold:   130        SH:  0    Dex: 15    Spells: 7/7 levels left

rFire   . . .      SeeInvis +   a - +0 quarterstaff
rCold   . . .      Faith    .   (shield currently unavailable)
rNeg    . . .      Spirit   .   z - +0 plate armour
rPois   .          Reflect  .   (helmet unavailable)
rElec   .          Harm     .   s - +2 cloak
rCorr   .          Rampage  .   (no gloves)
Will    .....                   (no boots)
Stlth   ..........              (no amulet)
HPRegen 0.18/turn               (no ring)
MPRegen 0.11/turn               (no ring)

@: heroic
A: antennae 3, (demonic guardian 1), sharp scales 1
a: Renounce Religion, Heroism


You were on level 6 of the Dungeon.
You worshipped Okawaru.
Okawaru was aware of your devotion.
You visited 1 branch of the dungeon, and saw 6 of its levels.

You collected 350 gold pieces.
You spent 220 gold pieces at shops.

Inventory:

Hand Weapons
 a - a +0 quarterstaff (weapon)
 b - a +3 hunting sling
 k - a +0 rapier
 w - a +2 short sword of electrocution
 C - a +0 trident
 D - a +2 vorpal war axe
 E - a +0 flail of protection
Missiles
 h - 20 sling bullets
 j - 38 bolts
 l - 131 stones
 n - a throwing net (quivered)
 t - 108 arrows
 u - 3 boomerangs
 F - a curare-tipped dart
Armour
 c - a +0 helmet
 m - a +0 chain mail
 r - a +0 helmet
 s - a +2 cloak (worn)
 z - a +0 plate armour (worn)
Jewellery
 o - a ring of see invisible
 p - a ring of protection from fire
Wands
 d - a wand of flame (21)
 A - a wand of iceblast (14)
Scrolls
 e - 3 scrolls of noise
 v - 5 scrolls of teleportation
 y - a scroll of enchant armour
 B - a scroll of vulnerability
Potions
 f - a potion of resistance
 g - a potion of attraction
 i - a potion of flight {unknown}
 q - a potion of might {unknown}


   Skills:
 - Level 2.0(7.0) Fighting
 + Level 7.8(12.8) Staves
 - Level 1.7(6.7) Throwing
 - Level 2.6(7.6) Dodging
 - Level 4.9 Evocations


You had 7 spell levels left.
You didn't know any spells.
Your spell library was empty.

Dungeon Overview and Level Annotations

Branches:
Dungeon (6/15)             Temple (0/1) D:5

Altars:
Okawaru
Uskayaw
Xom

Shops:
D:5 *

Annotations:
D:2 Robin, Sigmund
D:6 2 runed translucent doors, GilGalad's ghost, novice DDFi


Innate Abilities, Weirdness & Mutations

You have a pair of large antennae on your head. (SInv)
((A weak demonic guardian rushes to your aid.))
You are partially covered in razor-sharp scales. (AC +1, Slay +1)


Message History

There is an open door, spattered with blood here.
Things that are here:
a +3 whip; a curare-tipped dart; a kobold corpse
Things that are here:
a +0 flail of protection; an orc corpse
E - a +0 flail of protection
There is an open door, spattered with blood here.
Things that are here:
a +3 whip; a curare-tipped dart; a kobold corpse
F - a curare-tipped dart You start resting.
HP restored.
You start waiting.
Done waiting.
There is an open door, spattered with blood here.
Things that are here:
a +3 whip; a kobold skeleton
a - a +0 quarterstaff (weapon)
You open the door.
An iguana, an adder, 2 ogres, a gnoll shaman, a hound, a centaur zombie and an ice beast come into view.
The gnoll shaman is wielding a +2 whip of electrocution.
The ogre shouts!
The adder hisses angrily.
The ogre shouts!
The gnoll shaman shouts!
The hound barks!
Found eight items.
You sock the ogre!
The ogre is moderately wounded.
The ogre hits you with a +0 giant club!
You gain the combat prowess of a mighty hero.
The ogre hits you with a +0 giant club!!
You thump the ogre!
The ogre is severely wounded.
You feel better. The ogre hits you with a +0 giant club!
You barely miss the ogre.
The ogre is severely wounded.
You hit the ogre.
The ogre is almost dead.
The ogre hits you with a +0 giant club!
* * * LOW HITPOINT WARNING * * *
You feel better. The ogre hits you with a +0 giant club!
You die...

.......#
#.#####.#.#
.......#
#.......#.#
.......#
#..####...#
......
##..##..#
#....#..###
#....#....##
##.รท#####..#
##)###.##.#
##@'...#.#
#$OSO###.##.#
#?.Zhg#.#'#..#
#$.$lY#.....##
#).$[[#..#.##
##[..##....#
#####...###
..#.# .....


You could see an ice beast, 2 ogres, a gnoll shaman, an iguana, a hound, an
adder and a centaur zombie.

Vanquished Creatures
  An ice beast (D:5)
  2 ogres
  A kobold brigand (D:6)
  A scorpion (D:5)
  A bullfrog (D:6)
  A wyvern skeleton (D:6)
  3 centaur zombies
  3 hounds
  A jelly (D:6)
  2 centaur skeletons
  4 iguanas
  Terence (D:2)
  A howler monkey zombie (D:5)
  6 adders
  A shadow imp (D:6)
  A worm (D:5)
  3 dart slugs
  14 orcs
  4 ball pythons
  3 bats
  4 endoplasms
  6 giant cockroaches
  8 goblins
  10 hobgoblins
  2 jackals (D:1)
  A quokka (D:1)
  2 frilled lizards
  7 kobolds
  4 rats
98 creatures vanquished.

Vanquished Creatures (collateral kills)
  A bat (D:2)
1 creature vanquished.

Grand Total: 99 creatures vanquished

Notes
Turn   | Place    | Note
-------+----------+-------------------------------------------
     0 | D:1      | dolemite99 the Demonspawn Gladiator began the quest for the
                  | Orb.
     0 | D:1      | Reached XP level 1. HP: 16/16 MP: 1/1
    29 | D:1      | Reached skill level 3 in Staves
    55 | D:1      | Gained mutation: You have a pair of small antennae on your
                  | head. [demonic ancestry]
    55 | D:1      | Reached XP level 2. HP: 9/22 MP: 2/2
   784 | D:1      | You fall into a shaft and drop 1 floor!
  1079 | D:1      | Reached XP level 3. HP: 27/27 MP: 3/3
  1241 | D:2      | Noticed Terence
  1253 | D:2      | Killed Terence
  1254 | D:2      | Reached skill level 4 in Staves
  1698 | D:2      | Gained mutation: A weak demonic guardian rushes to your
                  | aid. [demonic ancestry]
  1698 | D:2      | Reached XP level 4. HP: 26/33 MP: 4/4
  1991 | D:2      | Noticed Robin
  1993 | D:2      | Noticed Sigmund
  2249 | D:3      | Found a shimmering altar of Xom.
  3347 | D:3      | Reached skill level 5 in Staves
  3907 | D:4      | Reached XP level 5. HP: 35/38 MP: 5/5
  4094 | D:4      | Noticed an ogre
  4121 | D:4      | Reached skill level 6 in Staves
  4125 | D:4      | Killed an ogre
  4126 | D:4      | Gained mutation: You have a pair of antennae on your head.
                  | [demonic ancestry]
  4126 | D:4      | Reached XP level 6. HP: 27/44 MP: 6/6
  4522 | D:4      | Found an iron altar of Okawaru.
  4528 | D:4      | Became a worshipper of Warmaster Okawaru
  5102 | D:5      | Entered Level 5 of the Dungeon
  5130 | D:5      | Found Zioproe's Mayhem Merchandise.
  5139 | D:5      | Bought a wand of iceblast (6) for 100 gold pieces
  5139 | D:5      | Bought a wand of iceblast (8) for 120 gold pieces
  5196 | D:5      | Found a staircase to the Ecumenical Temple.
  5491 | D:5      | Noticed an ice beast
  5553 | D:5      | Found a hide-covered altar of Uskayaw.
  5920 | D:5      | Gained mutation: You have a pair of large antennae on your
                  | head. (SInv) [demonic ancestry]
  5920 | D:5      | Reached XP level 7. HP: 48/50 MP: 7/7
  6604 | D:6      | Found a large runed translucent door.
  6604 | D:6      | Found a large runed translucent door.
  6605 | D:6      | Noticed GilGalad's ghost (novice DDFi)
  6681 | D:6      | Reached * piety under Okawaru
  7030 | D:6      | Reached skill level 7 in Staves
  7552 | D:6      | Gained mutation: You are partially covered in razor-sharp
                  | scales. (AC +1, Slay +1) [demonic ancestry]
  7552 | D:6      | Reached XP level 8. HP: 42/56 MP: 5/8
  7808 | D:6      | Slain by an ogre

Illustrated notes

Levels and vault maps discovered:
D:1:      ncdulo_halloftheorcs, layout_rooms
D:2:      layout_loops_cross, serial_shops, shop, corner_web_ring, st_stairs_9,
          minmay_pentomino_w4, uniq_terence, uniq_robin, uniq_sigmund
D:3:      layout_rooms, overflow_temple_1_default, overflow_temple_1_default,
          minmay_goblin_outpost
D:4:      layout_loops_ring, mainiacjoe_overflow_chevrons
D:5:      layout_loops_ring, lemuel_doored_altar,
          minmay_temple_entry_sparse_star, minmay_shop_mayhem
D:6:      layout_basic, ebering_ghost_disaster_area, minmay_joined_circles

Skill      XL: |  1  2  3  4  5  6  7 |
---------------+----------------------+-----
Staves         | 3 4 5 6 7 |  7.8
Evocations     | 2 4 |  4.9
Fighting       | |  2.0
Throwing       | |  1.7
Dodging        | |  2.6

Action                   |  1- 3 |  4- 6 |  7- 9 || total
-------------------------+-------+-------+-------++-------
Melee: Quarterstaff      |    83 |   201 |    99 ||   383
Throw: Throwing net      |     3 |     1 |       ||     4
Invok: Heroism           |       |       |     4 ||     4
  Use: Scroll            |     1 |     4 |     2 ||     7
       Potion            |       |     5 |     4 ||     9
 Stab: Held in net/web   |     1 |       |       ||     1
Armor: Leather armour    |    16 |       |       ||    16
       Ring mail         |     6 |       |       ||     6
       Chain mail        |     5 |   116 |       ||   121
       Plate armour      |       |    40 |    74 ||   114
Dodge: Dodged            |    52 |    83 |    28 ||   163
